 Dungeon Crawl Stone Soup version 0.32-a0-330-g213d367 (webtiles) character file.

Game seed: 1433014473956383914

39 Dorkslayer the Covered (level 3, -1/31 HPs)
             Began as a Mountain Dwarf Fighter on Feb 16, 2024.
             Slain by Terence
             ... wielding a +0 falchion
              (5 damage)
             ... on level 2 of the Dungeon.
             The game lasted 00:01:49 (682 turns).

Dorkslayer the Covered (Mountain Dwarf Fighter)      Turns: 682, Time: 00:01:50

Health: -1/31      AC:  6    Str: 20    XL:     3   Next: 28%
Magic:  3/3        EV:  9    Int:  8    God:
Gold:   53         SH:  4    Dex:  9    Spells: 2/2 levels left

rFire   . . .        a - +0 war axe
rCold   . . .        c - +0 buckler
rNeg    . . .        b - +0 scale mail
rPois   .            (no helmet)
rElec   .            (no cloak)
rCorr   .            (no gloves)
SInv    .            (no boots)
Will    .....        (no amulet) Stlth
                     g - ring of flight
HPRegen 0.25/turn    (no ring)
MPRegen 0.08/turn

%: no passive effects
@: flying
A: runic magic, artefact enchanting
a: no special abilities


You were on level 2 of the Dungeon.
You visited 1 branch of the dungeon, and saw 2 of its levels.

You collected 53 gold pieces.

Inventory:

Hand Weapons
 a - a +0 war axe (weapon)
Armour
 b - a +0 scale mail (worn)
 c - a +0 buckler (worn)
Jewellery
 g - a ring of flight (left hand)
Scrolls
 e - a scroll of poison {unknown}
 f - 2 scrolls of immolation {unknown}
 i - a scroll of identify {unknown}
Potions
 d - a potion of might
 h - a potion of ambrosia {unknown}


   Skills:
 + Level 3.6 Fighting
 + Level 3.1 Axes
 + Level 3.6 Armour
 * Level 0.7 Dodging
 + Level 3.6 Shields


You had 2 spell levels left.
You didn't know any spells.
Your spell library contained the following spells:

 Spells                   Type           Power      Damage    Failure   Level
 Call Canine Familiar     Summ           0%         N/A       91%         3
 Sigil of Binding         Hex            0%         N/A       91%         3
 Dimensional Bullseye     Hex/Tloc       0%         N/A       100%        4


Dungeon Overview and Level Annotations

Branches:
Dungeon (2/15)

Altars:

Annotations:
D:2 Terence


Innate Abilities, Weirdness & Mutations

Your spellcasting is much less encumbered by armour.
You can use scrolls of enchantment on lesser artefacts.


Message History

Found a robe.
Items here: ( ) ††.
Found 2 scrolls labelled JUF ONNALE and a robe.
Terence the Incautious comes into view.
He is wielding a +0 falchion.
Found a mace.
Terence shouts!
A goblin comes into view. It is wielding a +0 club.
The goblin shouts!
Found a scroll labelled JUOMAR UGROADO.
Terence barely misses you. Terence hits you with a +0 falchion.
You see here 2 scrolls labelled JUF ONNALE.
You hit Terence.
Terence is lightly wounded.
You hit the goblin.
You kill the goblin!
Terence hits you with a +0 falchion.
You hit Terence.
Terence is moderately wounded.
Terence misses you. Terence barely misses you.
You hit Terence but do no damage.
Terence is moderately wounded.
Terence hits you with a +0 falchion.
You hit Terence but do no damage.
Terence is moderately wounded.
Terence hits you with a +0 falchion.
You hit Terence but do no damage.
Terence is moderately wounded.
Terence hits you with a +0 falchion.
* * * LOW HITPOINT WARNING * * *
Terence hits you with a +0 falchion.
* * * LOW HITPOINT WARNING * * *
You barely miss Terence.
Terence is moderately wounded.
Terence hits you with a +0 falchion.
* * * LOW HITPOINT WARNING * * *
You hit Terence but do no damage.
Terence is moderately wounded.
Terence hits you with a +0 falchion.
You die...
Terence says, "That felt goooood."

.<..# ..........## ....#
#.....[....# ....#
#..........# ....##
#..........# .†...##
#..........#
......#####.[........#
....#.).............####
###########........)....
#.....@)...#
#.....@....#
#............#
#............#
#............#
.............?.
#####......##.#.
###...## ..


You could see Terence.

Vanquished Creatures
  2 dart slugs
  2 bats (D:1)
  3 endoplasms (D:1)
  A giant cockroach (D:1)
  2 goblins
  2 hobgoblins (D:1)
  3 kobolds
  A quokka (D:1)
  2 ball pythons
  A frilled lizard (D:1)
19 creatures vanquished.

Notes
Turn   | Place    | Note
-------+----------+-------------------------------------------
     0 | D:1      | Dorkslayer the Mountain Dwarf Fighter began the quest for
                  | the Orb.
     0 | D:1      | Reached XP level 1. HP: 19/19 MP: 1/1
   304 | D:1      | Reached XP level 2. HP: 26/26 MP: 2/2
   600 | D:1      | Reached XP level 3. HP: 29/31 MP: 3/3
   671 | D:2      | Noticed Terence
   682 | D:2      | Slain by Terence

Illustrated notes

Levels and vault maps discovered:
D:1:      minmay_arrival_jagged, layout_basic
D:2:      layout_rooms, hex_intersection, uniq_terence, uniq_sigmund

Skill      XL: |  1  2 |
---------------+-------+-----
Axes           | 3 |  3.1
Fighting       | |  3.6
Armour         | |  3.6
Dodging        | |  0.7
Shields        | |  3.6

Action                     || total
---------------------------++-------
  Melee: War axe           ||    56
 Armour: Scale mail        ||    37
  Dodge: Dodged            ||    24
  Block: Buckler           ||     7

Table legend: (Time is in decaauts)
 A = Elapsed time spent in this place.
 B = Non-inter-level travel time spent in this place.
 C = Inter-level travel time spent in this place.
 D = Time resting spent in this place.
 E = Time spent auto-exploring this place.
 F = Levels seen in this place.
 G = Mean time per level.
                   A        B        C        D        E       F      G
               +--------+--------+--------+--------+--------+-----+--------+
         Total |    703 |    703 |      0 |      0 |    386 |   2 |  351.5 |
       Dungeon |    703 |    703 |      0 |      0 |    386 |   2 |  351.5 |
               +--------+--------+--------+--------+--------+-----+--------+

Top non-repeatable levels by time:
     D:1: 664 daAuts
     D:2: 39 daAuts
